Wild vs RedWings

Created - 28 mars 2019 at 18:44

Goals
1 2 3 T
Wild 1 0 0 1
RedWings 2 2 0 4
Shots
1 2 3 T
Wild 12 4 10 26
RedWings 15 13 11 39

1st period

1. RedWings , Filip Forsberg 24 (Brayden Schenn 38) at 12:02
2. RedWings , Ben Lovejoy 7 (Nick Jensen 11, Sean Monahan 36) at 16:49
3. Wild , Joonas Donskoi 6 (Tyler Bozak 16, Christian Fischer 4) at 18:09

Penalties :
Derick Brassard (MIN) for Slashing (Minor) at 1:48, Andreas Borgman (MIN) for Hooking (Minor) at 9:03, Jake Gardiner (DET) for Hooking (Minor) at 14:32

2nd period

4. RedWings , Kyle Brodziak 2 (Andrew Cogliano 14, Erik Haula 19) at 9:41
5. RedWings , Ryan Hartman 5 (Jake Gardiner 48) at 19:10

Penalties :
No Penalty

3rd period

No Goal

Penalties :
Ian Cole (MIN) for Hooking (Minor) at 1:24, Brayden Schenn (DET) for Fighting (Major) at 5:20, Josh Gorges (MIN) for Fighting (Major) at 5:20

Goalie Stats

James Reimer (MIN), 35 saves from 39 shots - (0.897), L, 22-36-8, 60:00 minutes
John Gibson (DET), 25 saves from 26 shots - (0.962), W, 28-14-6, 60:00 minutes

Players Stats for Wild

Player Name              G  A  P  +/- PIM S  H  SB GA TA FO     MP     PP MP  PK MP  
------------------------------------------------------------------------------------
Andreas Borgman          0  0  0  -1  2   0  1  0  0  0  0/0     6:49   0:00   0:11 
Christian Dvorak         0  0  0  -1  0   1  2  0  0  0  10/21  19:42   0:47   3:20 
Christian Fischer        0  1  1  -1  0   2  2  0  0  0  1/1    15:17   0:00   0:00 
Christian Folin          0  0  0   0  0   0  2  1  0  0  0/0    20:49   0:47   3:17 
Derick Brassard          0  0  0  -1  2   0  2  0  0  0  15/25  23:21   1:12   1:49 
Ian Cole                 0  0  0  -1  2   1  1  1  0  0  0/0    20:14   0:47   2:15 
Jacob Josefson           0  0  0  -1  0   0  0  1  0  0  5/9     4:49   0:00   0:06 
Jason Pominville         0  0  0  -1  0   3  0  1  0  0  0/0    16:22   0:47   0:00 
Jason Spezza             0  0  0   0  0   0  0  0  0  0  0/1    19:21   1:12   1:06 
Joonas Donskoi           1  0  1  -1  0   5  0  0  0  0  0/0    15:35   0:00   0:01 
Josh Gorges              0  0  0   0  5   0  2  1  0  0  0/0    13:24   0:00   1:09 
Karl Alzner              0  0  0  -2  0   0  5  1  0  0  0/0    20:07   1:12   2:31 
Marc-Edouard Vlasic      0  0  0  -2  0   4  1  1  0  0  0/0    24:04   1:12   2:31 
Patrik Nemeth            0  0  0   0  0   0  1  0  0  0  0/0    14:30   0:00   0:00 
Ryan Callahan            0  0  0  -1  0   1  1  0  0  0  0/1     6:03   0:00   1:54 
Tanner Pearson           0  0  0   0  0   1  2  0  0  0  0/2    19:54   1:12   1:39 
Trevor Lewis             0  0  0  -1  0   3  1  1  0  0  0/1    16:22   0:47   0:00 
Tyler Bozak              0  1  1  -1  0   5  1  0  0  0  10/23  17:16   0:00   1:59 

Players Stats for RedWings

Player Name              G  A  P  +/- PIM S  H  SB GA TA FO     MP     PP MP  PK MP  
------------------------------------------------------------------------------------
Andrew Cogliano          0  1  1   1  0   2  1  0  0  0  1/1     9:59   2:20   1:14 
Ben Lovejoy              1  0  1   2  0   1  1  0  0  0  0/0    17:34   3:22   0:00 
Brayden Schenn           0  1  1   1  5   5  1  0  0  0  15/31  20:10   2:20   0:06 
Dan Hamhuis              0  0  0   0  0   0  0  0  0  0  0/0    17:31   0:00   1:16 
David Pastrnak           0  0  0   0  0   4  2  0  0  0  0/0    19:14   3:37   0:00 
Erik Haula               0  1  1   1  0   1  0  0  0  0  0/0     6:25   0:00   0:00 
Filip Forsberg           1  0  1   1  0   3  2  1  0  0  0/1    20:14   0:00   0:39 
Frans Nielsen            0  0  0   1  0   2  0  0  0  0  7/14   12:56   0:00   0:39 
Jake Gardiner            0  1  1   1  2   3  1  1  0  0  0/0    24:09   2:33   0:00 
Jonathan Drouin          0  0  0   0  0   2  1  0  0  0  1/1    15:43   0:00   0:06 
Kris Russell             0  0  0   1  0   3  2  3  0  0  0/0    24:37   2:09   0:51 
Kyle Brodziak            1  0  1   1  0   1  0  0  0  0  7/9     7:39   0:00   1:14 
Micheal Ferland          0  0  0   1  0   1  1  1  0  0  0/1    14:04   3:37   0:00 
Nick Jensen              0  1  1   2  0   0  1  1  0  0  0/0    16:09   0:28   0:52 
Paul Martin              0  0  0   0  0   3  0  0  0  0  0/0    19:59   3:22   0:59 
Ryan Hartman             1  0  1   1  0   1  2  0  0  0  0/0    10:27   0:00   0:00 
Sean Monahan             0  1  1   0  0   6  1  0  0  0  12/24  19:14   3:37   0:00 
Tyler Toffoli            0  0  0   1  0   1  0  0  0  0  0/2    21:55   2:20   0:00 

3 Stars

1 - Ben Lovejoy (DET)
2 - Filip Forsberg (DET)
3 - Ryan Hartman (DET)

Power Play

Wild - 0 on 1 Attempt(s) - 0.00%
RedWings - 0 on 3 Attempt(s) - 0.00%

Penalty Kill

Wild - 3 on 3 Attempt(s) - 100.00% - Score 0 goal in Penalty Kill
RedWings - 1 on 1 Attempt(s) - 100.00% - Score 0 goal in Penalty Kill

Team Stat

Wild - Hits : 24 - Faceoff Wins : 41 - Blocked Shots : 8 - Penalty Minutes : 11
RedWings - Hits : 16 - Faceoff Wins : 43 - Blocked Shots : 7 - Penalty Minutes : 7

Official

Referees : Brad Meier and Dean Morton
Linesman : David Brisebois and Trent Knorr

Game Notes

Brayden Schenn and Josh Gorges fight to a draw at 5:20 of 3rd period

Finance

Level 1 -- Attendance: 6054 (93.14%) -- Ticket Income 423 780 $
Level 2 -- Attendance: 4931 (98.62%) -- Ticket Income 256 412 $
Level 3 -- Attendance: 3286 (93.89%) -- Ticket Income 98 580 $
Level 4 -- Attendance: 3015 (74.87%) -- Ticket Income 30 150 $
Luxury Box -- Attendance: 1000 (100.00%) -- Ticket Income 135 000 $
Game was played at the Joe Louis Arena.
Total Attendance: 18286 (91.31%)
Total Ticket Income: 943 922 $
Other Income: 462 522 $
Total Income: 1 406 444 $

% Time on Ice - Wild

Lines # - Real PCT - Wanted PCT - Time Play
Normal Forward
1 - 33% - 40% - 17:03
2 - 30% - 30% - 15:35
3 - 29% - 20% - 15:17
4 - 8% - 10% - 4:09
Normal Defense
1 - 31% - 40% - 16:24
2 - 32% - 30% - 16:45
3 - 27% - 20% - 14:16
4 - 9% - 10% - 4:39
PP Forward
1 - 61% - 60% - 1:12
2 - 39% - 40% - 0:47
PP Defense
1 - 61% - 60% - 1:12
2 - 39% - 40% - 0:47
PK Forward
1 - 67% - 60% - 3:58
2 - 33% - 40% - 1:59
PK Defense
1 - 43% - 60% - 2:32
2 - 57% - 40% - 3:25
PK3 Forward
1 - 0% - 60%
2 - 0% - 40%
PK3 Defense
1 - 0% - 60%
2 - 0% - 40%
44 Forward
1 - 0% - 60%
2 - 0% - 40%
44 Defense
1 - 0% - 60%
2 - 0% - 40%
Last Minute Offensive  - 0:00
Last Minute Defensive  - 0:00
Total
Forward - 60:00
Defense - 60:00

% Time on Ice - RedWings

Lines # - Real PCT - Wanted PCT - Time Play
Normal Forward
1 - 38% - 40% - 19:35
2 - 30% - 30% - 15:37
3 - 20% - 20% - 10:27
4 - 12% - 10% - 6:25
Normal Defense
1 - 38% - 40% - 19:39
2 - 31% - 30% - 16:15
3 - 27% - 20% - 14:12
4 - 4% - 10% - 1:58
PP Forward
1 - 61% - 60% - 3:37
2 - 39% - 40% - 2:20
PP Defense
1 - 43% - 60% - 2:35
2 - 57% - 40% - 3:22
PK Forward
1 - 67% - 60% - 1:20
2 - 33% - 40% - 0:39
PK Defense
1 - 50% - 60% - 1:00
2 - 50% - 40% - 0:59
PK3 Forward
1 - 0% - 60%
2 - 0% - 40%
PK3 Defense
1 - 0% - 60%
2 - 0% - 40%
44 Forward
1 - 0% - 60%
2 - 0% - 40%
44 Defense
1 - 0% - 60%
2 - 0% - 40%
Last Minute Offensive  - 0:00
Last Minute Defensive  - 0:00
Total
Forward - 60:00
Defense - 60:00

Play-by-Play

1st period


0:01 of 1st period - Derick Brassard wins face-off versus Brayden Schenn in neutral zone.
0:07 of 1st period - Off-side.
0:08 of 1st period - Sean Monahan wins face-off versus Trevor Lewis in neutral zone.
0:19 of 1st period - Shot by David Pastrnak.
0:19 of 1st period - Stopped by James Reimer with a rebound.
0:30 of 1st period - Icing by Paul Martin.
0:31 of 1st period - Sean Monahan wins face-off versus Tyler Bozak in RedWings zone.
0:31 of 1st period - Sean Monahan is hit by Christian Fischer.
0:49 of 1st period - Shot by Sean Monahan.
0:49 of 1st period - Stopped by James Reimer without a rebound.
0:50 of 1st period - Brayden Schenn wins face-off versus Derick Brassard in Wild zone.
1:48 of 1st period - Minor Penalty to Derick Brassard for Slashing.
1:49 of 1st period - Sean Monahan wins face-off versus Ryan Callahan in Wild zone.
2:48 of 1st period - Shot by Jake Gardiner.
2:48 of 1st period - Stopped by James Reimer with a rebound.
3:18 of 1st period - Shot by Tanner Pearson.
3:18 of 1st period - Shot Misses the Net.
4:27 of 1st period - Icing by Derick Brassard.
4:28 of 1st period - Jacob Josefson wins face-off versus Brayden Schenn in Wild zone.
4:57 of 1st period - Shot by Marc-Edouard Vlasic.
4:57 of 1st period - Stopped by John Gibson with a rebound.
5:28 of 1st period - Shot by Tyler Bozak.
5:28 of 1st period - Stopped by John Gibson without a rebound.
5:29 of 1st period - Derick Brassard wins face-off versus Sean Monahan in RedWings zone.
5:44 of 1st period - Tanner Pearson is hit by Sean Monahan and loses puck.
6:47 of 1st period - Shot by Frans Nielsen.
6:47 of 1st period - Shot Misses the Net.
7:44 of 1st period - Shot by Sean Monahan.
7:44 of 1st period - Stopped by James Reimer with a rebound.
8:35 of 1st period - Shot by Joonas Donskoi.
8:35 of 1st period - Shot Misses the Net.
8:39 of 1st period - Shot by Joonas Donskoi.
8:39 of 1st period - Shot Misses the Net.
8:41 of 1st period - Shot by Joonas Donskoi.
8:41 of 1st period - Stopped by John Gibson without a rebound.
8:42 of 1st period - Frans Nielsen wins face-off versus Jacob Josefson in RedWings zone.
8:42 of 1st period - Frans Nielsen is hit by Ryan Callahan.
8:58 of 1st period - Shot by Micheal Ferland.
8:58 of 1st period - Stopped by James Reimer without a rebound.
8:59 of 1st period - Tyler Bozak wins face-off versus Sean Monahan in Wild zone.
9:03 of 1st period - Minor Penalty to Andreas Borgman for Hooking.
9:04 of 1st period - Sean Monahan wins face-off versus Derick Brassard in Wild zone.
9:19 of 1st period - Shot by Ian Cole.
9:19 of 1st period - Stopped by John Gibson with a rebound.
10:50 of 1st period - Shot by Jake Gardiner.
10:50 of 1st period - Stopped by James Reimer without a rebound.
10:51 of 1st period - Andrew Cogliano wins face-off versus Tyler Bozak in Wild zone.
10:52 of 1st period - Shot by Kris Russell.
10:52 of 1st period - Stopped by James Reimer without a rebound.
10:53 of 1st period - Derick Brassard wins face-off versus Brayden Schenn in Wild zone.
11:14 of 1st period - Shot by Frans Nielsen.
11:14 of 1st period - Stopped by James Reimer without a rebound.
11:15 of 1st period - Derick Brassard wins face-off versus Kyle Brodziak in Wild zone.
11:15 of 1st period - Derick Brassard is hit by Andrew Cogliano.
11:58 of 1st period - Off-side.
11:59 of 1st period - Brayden Schenn wins face-off versus Christian Dvorak in neutral zone.
12:02 of 1st period - Shot by Filip Forsberg.
12:02 of 1st period - Goal by Filip Forsberg - Wild : 0 - RedWings : 1.
12:03 of 1st period - Brayden Schenn wins face-off versus Christian Dvorak in neutral zone.
12:11 of 1st period - Brayden Schenn is hit by Karl Alzner.
12:26 of 1st period - Icing by Dan Hamhuis.
12:27 of 1st period - Tyler Bozak wins face-off versus Brayden Schenn in RedWings zone.
12:28 of 1st period - Shot by Christian Fischer.
12:28 of 1st period - Deflect By Tyler Bozak.
12:28 of 1st period - Stopped by John Gibson without a rebound.
12:29 of 1st period - Tyler Bozak wins face-off versus Sean Monahan in RedWings zone.
12:29 of 1st period - Joonas Donskoi is hit by Kris Russell and loses puck.
12:34 of 1st period - Shot by Joonas Donskoi.
12:34 of 1st period - Shot Misses the Net.
12:36 of 1st period - Shot by Christian Fischer.
12:36 of 1st period - Deflect By Joonas Donskoi.
12:36 of 1st period - Shot Misses the Net.
12:40 of 1st period - Shot by Tyler Bozak.
12:40 of 1st period - Stopped by John Gibson with a rebound.
12:42 of 1st period - Shot by Tyler Bozak.
12:42 of 1st period - Stopped by John Gibson without a rebound.
12:43 of 1st period - Derick Brassard wins face-off versus Brayden Schenn in RedWings zone.
12:44 of 1st period - Shot by Tanner Pearson.
12:44 of 1st period - Shot Misses the Net.
12:54 of 1st period - Ben Lovejoy is hit by Derick Brassard and loses puck.
13:47 of 1st period - Shot by Christian Dvorak.
13:47 of 1st period - Shot Blocked by Kris Russell.
14:32 of 1st period - Minor Penalty to Jake Gardiner for Hooking.
14:33 of 1st period - Kyle Brodziak wins face-off versus Tanner Pearson in RedWings zone.
15:28 of 1st period - Shot by Trevor Lewis.
15:28 of 1st period - Shot Blocked by Filip Forsberg.
15:30 of 1st period - Shot by Jason Pominville.
15:30 of 1st period - Shot Misses the Net.
15:32 of 1st period - Shot by Christian Folin.
15:32 of 1st period - Shot Blocked by Nick Jensen.
15:34 of 1st period - Shot by Trevor Lewis.
15:34 of 1st period - Stopped by John Gibson without a rebound.
15:35 of 1st period - Kyle Brodziak wins face-off versus Derick Brassard in RedWings zone.
15:45 of 1st period - Icing by Marc-Edouard Vlasic.
15:46 of 1st period - Kyle Brodziak wins face-off versus Derick Brassard in Wild zone.
16:43 of 1st period - Shot by Sean Monahan.
16:43 of 1st period - Stopped by James Reimer with a rebound.
16:45 of 1st period - Shot by Ben Lovejoy.
16:45 of 1st period - Shot Misses the Net.
16:47 of 1st period - Shot by Nick Jensen.
16:47 of 1st period - Shot Blocked by Josh Gorges.
16:49 of 1st period - Shot by Ben Lovejoy.
16:49 of 1st period - Goal by Ben Lovejoy - Wild : 0 - RedWings : 2.
16:50 of 1st period - Brayden Schenn wins face-off versus Jacob Josefson in neutral zone.
16:57 of 1st period - Shot by Brayden Schenn.
16:57 of 1st period - Shot Misses the Net.
17:09 of 1st period - Shot by Ryan Callahan.
17:09 of 1st period - Stopped by John Gibson with a rebound.
17:11 of 1st period - Shot by Ryan Callahan.
17:11 of 1st period - Shot Misses the Net.
17:13 of 1st period - Shot by Jacob Josefson.
17:13 of 1st period - Deflect By Ryan Callahan.
17:13 of 1st period - Shot Misses the Net.
17:15 of 1st period - Shot by Marc-Edouard Vlasic.
17:15 of 1st period - Stopped by John Gibson without a rebound.
17:16 of 1st period - Christian Dvorak wins face-off versus Frans Nielsen in RedWings zone.
17:35 of 1st period - Shot by Trevor Lewis.
17:35 of 1st period - Stopped by John Gibson without a rebound.
17:36 of 1st period - Sean Monahan wins face-off versus Tyler Bozak in RedWings zone.
17:45 of 1st period - Shot by Jonathan Drouin.
17:45 of 1st period - Deflect By Sean Monahan.
17:45 of 1st period - Shot Misses the Net.
18:09 of 1st period - Shot by Joonas Donskoi.
18:09 of 1st period - Goal by Joonas Donskoi - Wild : 1 - RedWings : 2.
18:10 of 1st period - Christian Dvorak wins face-off versus Filip Forsberg in neutral zone.
18:19 of 1st period - Shot by Jason Pominville.
18:19 of 1st period - Shot Misses the Net.
18:38 of 1st period - Shot by Brayden Schenn.
18:38 of 1st period - Stopped by James Reimer with a rebound.
18:40 of 1st period - Shot by Filip Forsberg.
18:40 of 1st period - Deflect By Brayden Schenn.
18:40 of 1st period - Stopped by James Reimer with a rebound.
18:42 of 1st period - Shot by Kris Russell.
18:42 of 1st period - Stopped by James Reimer with a rebound.
18:44 of 1st period - Shot by Tyler Toffoli.
18:44 of 1st period - Stopped by James Reimer without a rebound.
18:45 of 1st period - Derick Brassard wins face-off versus Frans Nielsen in Wild zone.
18:45 of 1st period - Derick Brassard is hit by Ryan Hartman.
18:50 of 1st period - Off-side.
18:51 of 1st period - Frans Nielsen wins face-off versus Derick Brassard in neutral zone.
18:51 of 1st period - Frans Nielsen is hit by Tanner Pearson.
18:59 of 1st period - Shot by Frans Nielsen.
18:59 of 1st period - Shot Hit the Post.
Goals for this period are 1 for Wild vs 2 for RedWings.
Shots for this period are 12 for Wild vs 15 for RedWings.

2nd period


0:01 of 2nd period - Derick Brassard wins face-off versus Brayden Schenn in neutral zone.
1:05 of 2nd period - Shot by Christian Dvorak.
1:05 of 2nd period - Stopped by John Gibson without a rebound.
1:06 of 2nd period - Sean Monahan wins face-off versus Tyler Bozak in RedWings zone.
1:06 of 2nd period - Sean Monahan is hit by Tyler Bozak.
1:15 of 2nd period - Jonathan Drouin is hit by Josh Gorges and loses puck.
1:20 of 2nd period - Shot by Jonathan Drouin.
1:20 of 2nd period - Stopped by James Reimer without a rebound.
1:21 of 2nd period - Frans Nielsen wins face-off versus Christian Dvorak in Wild zone.
1:53 of 2nd period - Ian Cole is hit by Micheal Ferland and loses puck.
2:05 of 2nd period - Icing by Christian Folin.
2:06 of 2nd period - Jonathan Drouin wins face-off versus Christian Dvorak in Wild zone.
2:21 of 2nd period - Shot by David Pastrnak.
2:21 of 2nd period - Stopped by James Reimer with a rebound.
2:28 of 2nd period - Icing by Trevor Lewis.
2:29 of 2nd period - Brayden Schenn wins face-off versus Christian Dvorak in Wild zone.
2:49 of 2nd period - Icing by Christian Folin.
2:50 of 2nd period - Sean Monahan wins face-off versus Christian Dvorak in Wild zone.
3:26 of 2nd period - Shot by Sean Monahan.
3:26 of 2nd period - Shot Misses the Net.
4:16 of 2nd period - Shot by Brayden Schenn.
4:16 of 2nd period - Deflect By Filip Forsberg.
4:16 of 2nd period - Stopped by James Reimer with a rebound.
4:23 of 2nd period - Icing by Jason Spezza.
4:24 of 2nd period - Frans Nielsen wins face-off versus Derick Brassard in Wild zone.
5:09 of 2nd period - Icing by Josh Gorges.
5:10 of 2nd period - Tyler Bozak wins face-off versus Sean Monahan in Wild zone.
5:21 of 2nd period - Shot by Tyler Bozak.
5:21 of 2nd period - Stopped by John Gibson without a rebound.
5:22 of 2nd period - Christian Dvorak wins face-off versus Brayden Schenn in RedWings zone.
5:23 of 2nd period - Shot by Jason Pominville.
5:23 of 2nd period - Shot Misses the Net.
5:26 of 2nd period - Icing by Jake Gardiner.
5:27 of 2nd period - Christian Dvorak wins face-off versus Brayden Schenn in RedWings zone.
5:34 of 2nd period - Shot by Filip Forsberg.
5:34 of 2nd period - Stopped by James Reimer without a rebound.
5:35 of 2nd period - Brayden Schenn wins face-off versus Christian Dvorak in Wild zone.
5:35 of 2nd period - Filip Forsberg is hit by Christian Folin and loses puck.
5:39 of 2nd period - Filip Forsberg is hit by Ian Cole and loses puck.
5:52 of 2nd period - Shot by Brayden Schenn.
5:52 of 2nd period - Stopped by James Reimer without a rebound.
5:53 of 2nd period - Tyler Bozak wins face-off versus Sean Monahan in Wild zone.
6:05 of 2nd period - Shot by David Pastrnak.
6:05 of 2nd period - Stopped by James Reimer without a rebound.
6:06 of 2nd period - Derick Brassard wins face-off versus Tyler Toffoli in Wild zone.
7:21 of 2nd period - Paul Martin is hit by Derick Brassard and loses puck.
8:33 of 2nd period - Trevor Lewis is hit by Nick Jensen and loses puck.
8:57 of 2nd period - Off-side.
8:58 of 2nd period - Jacob Josefson wins face-off versus Brayden Schenn in neutral zone.
9:11 of 2nd period - Shot by Brayden Schenn.
9:11 of 2nd period - Shot Misses the Net.
9:22 of 2nd period - Brayden Schenn is hit by Marc-Edouard Vlasic and loses puck.
9:27 of 2nd period - Shot by Jake Gardiner.
9:27 of 2nd period - Stopped by James Reimer without a rebound.
9:28 of 2nd period - Kyle Brodziak wins face-off versus Tyler Bozak in Wild zone.
9:28 of 2nd period - Kyle Brodziak is hit by Karl Alzner.
9:35 of 2nd period - Andrew Cogliano is hit by Karl Alzner and loses puck.
9:41 of 2nd period - Shot by Kyle Brodziak.
9:41 of 2nd period - Goal by Kyle Brodziak - Wild : 1 - RedWings : 3.
9:42 of 2nd period - Christian Dvorak wins face-off versus Micheal Ferland in neutral zone.
10:22 of 2nd period - Christian Dvorak is hit by Jake Gardiner and loses puck.
10:30 of 2nd period - Icing by Jake Gardiner.
10:31 of 2nd period - Frans Nielsen wins face-off versus Tyler Bozak in RedWings zone.
11:31 of 2nd period - Icing by Josh Gorges.
11:32 of 2nd period - Sean Monahan wins face-off versus Derick Brassard in Wild zone.
11:34 of 2nd period - Jonathan Drouin is hit by Patrik Nemeth and loses puck.
11:40 of 2nd period - Sean Monahan is hit by Josh Gorges and loses puck.
11:49 of 2nd period - Shot by Sean Monahan.
11:49 of 2nd period - Stopped by James Reimer without a rebound.
11:50 of 2nd period - Kyle Brodziak wins face-off versus Christian Dvorak in Wild zone.
12:13 of 2nd period - Shot by Andrew Cogliano.
12:13 of 2nd period - Stopped by James Reimer without a rebound.
12:14 of 2nd period - Jacob Josefson wins face-off versus Brayden Schenn in Wild zone.
12:24 of 2nd period - Dan Hamhuis is hit by Karl Alzner and loses puck.
12:33 of 2nd period - Shot by Filip Forsberg.
12:33 of 2nd period - Deflect By Brayden Schenn.
12:33 of 2nd period - Stopped by James Reimer with a rebound.
12:37 of 2nd period - Shot by Filip Forsberg.
12:37 of 2nd period - Shot Misses the Net.
13:25 of 2nd period - Shot by Christian Fischer.
13:25 of 2nd period - Stopped by John Gibson without a rebound.
13:26 of 2nd period - Christian Dvorak wins face-off versus Kyle Brodziak in RedWings zone.
13:26 of 2nd period - Patrik Nemeth is hit by Ben Lovejoy and loses puck.
13:49 of 2nd period - Off-side.
13:50 of 2nd period - Christian Fischer wins face-off versus Sean Monahan in neutral zone.
13:54 of 2nd period - Icing by Kris Russell.
13:55 of 2nd period - Sean Monahan wins face-off versus Tyler Bozak in RedWings zone.
14:17 of 2nd period - David Pastrnak is hit by Andreas Borgman and loses puck.
15:13 of 2nd period - Tyler Toffoli is hit by Tanner Pearson.
15:24 of 2nd period - Filip Forsberg is hit by Christian Folin and loses puck.
15:27 of 2nd period - Shot by Tyler Toffoli.
15:27 of 2nd period - Deflect By Brayden Schenn.
15:27 of 2nd period - Shot Misses the Net.
18:54 of 2nd period - Shot by Tyler Toffoli.
18:54 of 2nd period - Shot Blocked by Jacob Josefson.
19:10 of 2nd period - Shot by Ryan Hartman.
19:10 of 2nd period - Goal by Ryan Hartman - Wild : 1 - RedWings : 4.
19:11 of 2nd period - Kyle Brodziak wins face-off versus Jacob Josefson in neutral zone.
19:16 of 2nd period - Shot by Andrew Cogliano.
19:16 of 2nd period - Stopped by James Reimer with a rebound.
19:19 of 2nd period - Icing by Karl Alzner.
19:20 of 2nd period - Jacob Josefson wins face-off versus Frans Nielsen in Wild zone.
19:58 of 2nd period - Shot by Tyler Bozak.
19:58 of 2nd period - Deflect By Joonas Donskoi.
19:58 of 2nd period - Stopped by John Gibson without a rebound.
19:59 of 2nd period - Brayden Schenn wins face-off versus Christian Dvorak in RedWings zone.
19:59 of 2nd period - Brayden Schenn is hit by Christian Dvorak.
Goals for this period are 0 for Wild vs 2 for RedWings.
Shots for this period are 4 for Wild vs 13 for RedWings.

3rd period


0:01 of 3rd period - Derick Brassard wins face-off versus Brayden Schenn in neutral zone.
0:10 of 3rd period - Icing by Jake Gardiner.
0:11 of 3rd period - Christian Dvorak wins face-off versus Brayden Schenn in RedWings zone.
0:16 of 3rd period - Shot by Jason Pominville.
0:16 of 3rd period - Stopped by John Gibson without a rebound.
0:17 of 3rd period - Derick Brassard wins face-off versus Brayden Schenn in RedWings zone.
0:18 of 3rd period - Shot by Marc-Edouard Vlasic.
0:18 of 3rd period - Stopped by John Gibson without a rebound.
0:19 of 3rd period - Derick Brassard wins face-off versus Brayden Schenn in RedWings zone.
0:24 of 3rd period - Shot by Tanner Pearson.
0:24 of 3rd period - Stopped by John Gibson without a rebound.
0:25 of 3rd period - Brayden Schenn wins face-off versus Tanner Pearson in RedWings zone.
0:27 of 3rd period - Icing by Jake Gardiner.
0:28 of 3rd period - Brayden Schenn wins face-off versus Jason Spezza in RedWings zone.
0:45 of 3rd period - Shot by Filip Forsberg.
0:45 of 3rd period - Shot Blocked by Marc-Edouard Vlasic.
0:47 of 3rd period - Shot by Brayden Schenn.
0:47 of 3rd period - Shot Misses the Net.
1:24 of 3rd period - Minor Penalty to Ian Cole for Hooking.
1:25 of 3rd period - Sean Monahan wins face-off versus Derick Brassard in Wild zone.
1:42 of 3rd period - Shot by Sean Monahan.
1:42 of 3rd period - Shot Misses the Net.
2:09 of 3rd period - Off-side.
2:10 of 3rd period - Brayden Schenn wins face-off versus Tyler Bozak in neutral zone.
2:31 of 3rd period - Shot by Kris Russell.
2:31 of 3rd period - Stopped by James Reimer without a rebound.
2:32 of 3rd period - Derick Brassard wins face-off versus Sean Monahan in Wild zone.
2:56 of 3rd period - David Pastrnak is hit by Karl Alzner and loses puck.
2:59 of 3rd period - Shot by Paul Martin.
2:59 of 3rd period - Stopped by James Reimer with a rebound.
3:01 of 3rd period - Shot by Paul Martin.
3:01 of 3rd period - Stopped by James Reimer without a rebound.
3:02 of 3rd period - Tyler Bozak wins face-off versus Brayden Schenn in Wild zone.
3:15 of 3rd period - Shot by Jake Gardiner.
3:15 of 3rd period - Shot Misses the Net.
3:17 of 3rd period - Shot by Kris Russell.
3:17 of 3rd period - Shot Misses the Net.
5:13 of 3rd period - Icing by Patrik Nemeth.
5:14 of 3rd period - Brayden Schenn wins face-off versus Derick Brassard in Wild zone.
5:17 of 3rd period - Shot by Tyler Toffoli.
5:17 of 3rd period - Shot Misses the Net.
5:20 of 3rd period - Brayden Schenn and Josh Gorges fight to a draw.
5:20 of 3rd period - Penalty to Brayden Schenn for Fighting.
5:20 of 3rd period - Penalty to Josh Gorges for Fighting.
5:21 of 3rd period - Christian Dvorak wins face-off versus Frans Nielsen in neutral zone.
5:26 of 3rd period - Shot by Jason Pominville.
5:26 of 3rd period - Stopped by John Gibson without a rebound.
5:27 of 3rd period - Frans Nielsen wins face-off versus Christian Dvorak in RedWings zone.
5:27 of 3rd period - Frans Nielsen is hit by Trevor Lewis.
5:50 of 3rd period - Shot by Trevor Lewis.
5:50 of 3rd period - Stopped by John Gibson without a rebound.
5:51 of 3rd period - Jacob Josefson wins face-off versus Sean Monahan in RedWings zone.
5:57 of 3rd period - Icing by Sean Monahan.
5:58 of 3rd period - Tyler Bozak wins face-off versus Sean Monahan in RedWings zone.
6:21 of 3rd period - Shot by Jonathan Drouin.
6:21 of 3rd period - Shot Misses the Net.
6:23 of 3rd period - Shot by Jonathan Drouin.
6:23 of 3rd period - Shot Misses the Net.
6:27 of 3rd period - Shot by Sean Monahan.
6:27 of 3rd period - Shot Misses the Net.
6:29 of 3rd period - Shot by Ben Lovejoy.
6:29 of 3rd period - Shot Blocked by Karl Alzner.
7:53 of 3rd period - Shot by Erik Haula.
7:53 of 3rd period - Stopped by James Reimer with a rebound.
7:55 of 3rd period - Shot by Kyle Brodziak.
7:55 of 3rd period - Shot Blocked by Jason Pominville.
7:57 of 3rd period - Shot by Paul Martin.
7:57 of 3rd period - Stopped by James Reimer with a rebound.
7:59 of 3rd period - Shot by Kyle Brodziak.
7:59 of 3rd period - Shot Misses the Net.
8:35 of 3rd period - Shot by Jonathan Drouin.
8:35 of 3rd period - Stopped by James Reimer without a rebound.
8:36 of 3rd period - Frans Nielsen wins face-off versus Tyler Bozak in Wild zone.
8:40 of 3rd period - Icing by Ian Cole.
8:41 of 3rd period - Tyler Bozak wins face-off versus Frans Nielsen in Wild zone.
8:52 of 3rd period - Shot by Christian Fischer.
8:52 of 3rd period - Shot Misses the Net.
9:16 of 3rd period - Icing by Christian Fischer.
9:17 of 3rd period - Sean Monahan wins face-off versus Tyler Bozak in Wild zone.
9:22 of 3rd period - Shot by David Pastrnak.
9:22 of 3rd period - Shot Misses the Net.
9:38 of 3rd period - Marc-Edouard Vlasic is hit by David Pastrnak and loses puck.
9:47 of 3rd period - Shot by Derick Brassard.
9:47 of 3rd period - Deflect By Tanner Pearson.
9:47 of 3rd period - Shot Misses the Net.
10:39 of 3rd period - Jason Pominville is hit by Filip Forsberg and loses puck.
10:50 of 3rd period - Shot by Filip Forsberg.
10:50 of 3rd period - Shot Blocked by Trevor Lewis.
11:14 of 3rd period - Trevor Lewis is hit by Filip Forsberg and loses puck.
11:53 of 3rd period - Shot by Tyler Bozak.
11:53 of 3rd period - Shot Blocked by Micheal Ferland.
11:55 of 3rd period - Shot by Ian Cole.
11:55 of 3rd period - Shot Misses the Net.
11:57 of 3rd period - Shot by Joonas Donskoi.
11:57 of 3rd period - Stopped by John Gibson without a rebound.
11:58 of 3rd period - Kyle Brodziak wins face-off versus Derick Brassard in RedWings zone.
12:33 of 3rd period - Shot by Marc-Edouard Vlasic.
12:33 of 3rd period - Stopped by John Gibson without a rebound.
12:34 of 3rd period - Brayden Schenn wins face-off versus Tyler Bozak in RedWings zone.
12:34 of 3rd period - Filip Forsberg is hit by Christian Fischer and loses puck.
12:44 of 3rd period - Off-side.
12:45 of 3rd period - Sean Monahan wins face-off versus Tyler Bozak in neutral zone.
13:20 of 3rd period - Shot by David Pastrnak.
13:20 of 3rd period - Stopped by James Reimer without a rebound.
13:21 of 3rd period - Derick Brassard wins face-off versus Brayden Schenn in Wild zone.
13:21 of 3rd period - Derick Brassard is hit by Brayden Schenn.
13:52 of 3rd period - Shot by Brayden Schenn.
13:52 of 3rd period - Stopped by James Reimer without a rebound.
13:53 of 3rd period - Christian Dvorak wins face-off versus Frans Nielsen in Wild zone.
14:02 of 3rd period - Shot by Micheal Ferland.
14:02 of 3rd period - Shot Misses the Net.
14:04 of 3rd period - Shot by Frans Nielsen.
14:04 of 3rd period - Stopped by James Reimer without a rebound.
14:05 of 3rd period - Tyler Bozak wins face-off versus Sean Monahan in Wild zone.
14:24 of 3rd period - Shot by Tyler Bozak.
14:24 of 3rd period - Shot Misses the Net.
14:26 of 3rd period - Shot by Joonas Donskoi.
14:26 of 3rd period - Shot Misses the Net.
14:34 of 3rd period - Shot by Christian Fischer.
14:34 of 3rd period - Stopped by John Gibson without a rebound.
14:35 of 3rd period - Derick Brassard wins face-off versus Tyler Toffoli in RedWings zone.
14:35 of 3rd period - Derick Brassard is hit by Kris Russell.
14:41 of 3rd period - Shot by Tanner Pearson.
14:41 of 3rd period - Shot Blocked by Kris Russell.
14:43 of 3rd period - Shot by Karl Alzner.
14:43 of 3rd period - Shot Blocked by Jake Gardiner.
15:07 of 3rd period - Icing by Kris Russell.
15:08 of 3rd period - Brayden Schenn wins face-off versus Christian Dvorak in RedWings zone.
15:08 of 3rd period - Jake Gardiner is hit by Christian Dvorak and loses puck.
15:25 of 3rd period - Shot by Christian Dvorak.
15:25 of 3rd period - Shot Blocked by Kris Russell.
15:56 of 3rd period - Icing by Josh Gorges.
15:57 of 3rd period - Tyler Bozak wins face-off versus Sean Monahan in Wild zone.
15:57 of 3rd period - Tyler Bozak is hit by David Pastrnak.
16:18 of 3rd period - Shot by Tyler Bozak.
16:18 of 3rd period - Deflect By Joonas Donskoi.
16:18 of 3rd period - Stopped by John Gibson with a rebound.
17:21 of 3rd period - Shot by Frans Nielsen.
17:21 of 3rd period - Shot Misses the Net.
18:09 of 3rd period - Shot by Trevor Lewis.
18:09 of 3rd period - Shot Misses the Net.
18:13 of 3rd period - Shot by Jason Pominville.
18:13 of 3rd period - Stopped by John Gibson without a rebound.
18:14 of 3rd period - Brayden Schenn wins face-off versus Jacob Josefson in RedWings zone.
18:28 of 3rd period - Off-side.
18:29 of 3rd period - Christian Dvorak wins face-off versus Sean Monahan in neutral zone.
18:29 of 3rd period - Trevor Lewis is hit by Jonathan Drouin and loses puck.
18:36 of 3rd period - Shot by Sean Monahan.
18:36 of 3rd period - Stopped by James Reimer without a rebound.
18:37 of 3rd period - Brayden Schenn wins face-off versus Tyler Bozak in Wild zone.
19:40 of 3rd period - Shot by Jonathan Drouin.
19:40 of 3rd period - Shot Hit the Post.
19:42 of 3rd period - Shot by Sean Monahan.
19:42 of 3rd period - Shot Misses the Net.
19:52 of 3rd period - Shot by Ben Lovejoy.
19:52 of 3rd period - Shot Blocked by Ian Cole.
19:54 of 3rd period - Shot by Ben Lovejoy.
19:54 of 3rd period - Shot Blocked by Christian Folin.
19:56 of 3rd period - Shot by Sean Monahan.
19:56 of 3rd period - Stopped by James Reimer without a rebound.
19:57 of 3rd period - Derick Brassard wins face-off versus Frans Nielsen in Wild zone.
19:57 of 3rd period - Marc-Edouard Vlasic is hit by Ryan Hartman and loses puck.
Goals for this period are 0 for Wild vs 0 for RedWings.
Shots for this period are 10 for Wild vs 11 for RedWings.